 Dungeon Crawl Stone Soup version 0.20.1-1-g8b1a95d (webtiles) character file.

81 schets the Conjurer (level 4, 14/24 HPs)
             Began as a Deep Elf Conjurer on Oct 21, 2017.
             Quit the game on level 1 of the Dungeon.
             The game lasted 00:02:49 (1401 turns).

schets the Conjurer (Deep Elf Conjurer)             Turns: 1401, Time: 00:02:49

Health: 14/24      AC:  2    Str:  5    XL:     4   Next: 19%
Magic:  0/11       EV: 13    Int: 21    God:
Gold:   73         SH:  0    Dex: 15    Spells: 7/10 levels left

rFire    . . .     SeeInvis .   g - +1 dagger (flame)
rCold    . . .     Gourm    .   (no shield)
rNeg     . . .     Faith    .   a - +0 robe
rPois    .         Spirit   .   (no helmet)
rElec    .         Reflect  .   (no cloak)
rCorr    .         Harm     .   (no gloves)
MR       .....                  (no boots)
Stlth    ++........             (no amulet)
Regen    0.1/turn               (no ring)
MPRegen  0.2/turn               (no ring)

@: no status effects
A: no striking features
a: no special abilities


You were on level 1 of the Dungeon.
You were not hungry.

You visited 1 branch of the dungeon, and saw 2 of its levels.

You collected 73 gold pieces.

Inventory:

Hand Weapons
 g - a +1 dagger of flaming (weapon)
Armour
 a - a +0 robe (worn)
Scrolls
 d - a scroll of enchant weapon {unknown}
 f - 3 scrolls of identify {unknown}
 h - a scroll of magic mapping {unknown}
Potions
 e - a potion of lignification {unknown}
 i - a potion of degeneration {unknown}
Books
 b - a book of Conjurations

   Spells                             Type                      Level
   a - Magic Dart                     Conjuration                  1
   b - Searing Ray                    Conjuration                  2
   c - Dazzling Spray                 Conjuration/Hexes            3
   d - Fulminant Prism                Conjuration/Hexes            4
   e - Force Lance                    Conjuration/Translocation    4
   f - Iskenderun's Mystic Blast      Conjuration                  4
Comestibles
 c - 4 bread rations
 j - 2 chunks of flesh


   Skills:
 + Level 3.0 Dodging
 + Level 2.6 Stealth
 + Level 3.7 Spellcasting
 + Level 5.6 Conjurations


You had 7 spell levels left.
You knew the following spells:

 Your Spells              Type           Power        Failure   Level  Hunger
a - Magic Dart            Conj           ####         1%          1    None
b - Searing Ray           Conj           ####..       1%          2    ##.....


Dungeon Overview and Level Annotations

Branches:
Dungeon (2/15)

Altars:


Message History

The searing ray hits Terence.
Terence is heavily wounded.
The searing ray hits Terence.
Terence is almost dead.
You finish channeling your searing ray.
Terence misses you.
Casting: Searing Ray
Confirm with . or Enter, or press ? or * to list all spells.
You don't have enough magic to cast that spell.
Casting: Searing Ray
Confirm with . or Enter, or press ? or * to list all spells.
Aiming: Magic Dart
Press: ? - help, Shift-Dir - straight line, f/p - Terence
Aim: Terence, wielding a flail and wearing a chain mail (almost dead)
The magic dart hits Terence.
You kill Terence!
You have reached level 4!
You feel clever.
Things that are here:
a flail; a chain mail Are you sure you want to abandon this character and quit the game? (Confirm with "yes".)

.## #.##.# #.# #..## ##.##### #
.# #.##.# #.# #..# #.....# .#
#.##.# #.# ##.## ##.###.# +##
#.##.# #.# ##.###.## #.# # ..##
#.##.###.# ##...## #.# ##
..)###........# ####### #.###.
....#####.>#### ##.###.##..
.....####...###########...##.#...
.....'.........)@............'...
.....#......########.##....#.#...
....##.##...# #.#.......##..
...###.##.#.# #.#.###.#####. ..##
#.##.#.## #.#.# #.# ## '##
#.##....# #.#.###.# # .#
#.####..# #.......# .# #.......#
###.##### .## #######.# #.# #####


There were no monsters in sight!

Vanquished Creatures
  Terence (D:1)
  An adder (D:2)
  An ooze (D:1)
  2 dart slugs (D:1)
  4 leopard geckos (D:1)
  3 giant cockroaches
  4 goblins
  3 hobgoblins (D:1)
  4 jackals (D:1)
  3 bats (D:1)
  2 frilled lizards (D:1)
  3 kobolds (D:1)
  2 rats (D:1)
33 creatures vanquished.

Notes
Turn   | Place    | Note
-------+----------+-------------------------------------------
     0 | D:1      | schets the Deep Elf Conjurer began the quest for the Orb.
     0 | D:1      | Reached XP level 1. HP: 10/10 MP: 6/6
   161 | D:1      | Reached XP level 2. HP: 15/15 MP: 2/8
   169 | D:1      | Learned a level 2 spell: Searing Ray
   272 | D:1      | Reached skill level 5 in Conjurations
   785 | D:1      | Reached XP level 3. HP: 19/19 MP: 7/9
  1367 | D:2      | Noticed Terence
  1398 | D:1      | Killed Terence
  1398 | D:1      | Reached XP level 4. HP: 14/24 MP: 0/11
  1401 | D:1      | Quit the game

Skill      XL: |  1  2  3 |
---------------+----------+-----
Conjurations   | 5 |  5.6
Dodging        | 3 |  3.0
Stealth        | |  2.6
Spellcasting   | |  3.7

Action                   |  1- 3 |  4- 6 || total
-------------------------+-------+-------++-------
Melee: Dagger            |     3 |       ||     3
 Cast: Magic Dart        |    66 |     1 ||    67
       Searing Ray       |     1 |       ||     1
  Eat: Chunk             |     1 |       ||     1
Armor: Robe              |     7 |       ||     7
Dodge: Dodged            |    18 |       ||    18
